 Dungeon Crawl Stone Soup version 0.28.0-53-g5a82cb258f (webtiles) character file.

Game seed: 7068379035810360555

10754 Gabide the Fighter (level 11, -13/124 HPs)
             Began as a Human Monk on May 31, 2022.
             Was a High Priest of Hepliaklqana.
             Mangled by a boulder beetle (20 damage)
             ... on level 11 of the Dungeon.
             The game lasted 00:23:37 (11587 turns).

Gabide the Fighter (Human Monk)                    Turns: 11587, Time: 00:23:38

Health: -13/124    AC: 11    Str: 11    XL:     11   Next: 98%
Magic:  0/11       EV: 19    Int: 11    God:    Hepliaklqana [*****.]
Gold:   508        SH:  0    Dex: 20    Spells: 10/10 levels left

rFire   . . .      SeeInvis .   K - +0 glaive
rCold   . . .      Faith    .   (shield currently unavailable)
rNeg    + . .      Spirit   +   f - +0 troll leather armour
rPois   .          Reflect  .   x - +0 helmet
rElec   .          Harm     .   p - +0 cloak
rCorr   .          Rampage  .   D - +0 pair of gloves
Will    +....                   (no boots)
Stlth   ..........              d - amulet of guardian spirit
HPRegen 1.10/turn               i - ring of Nabli {rN+ Will+}
MPRegen 0.12/turn               H - +4 ring of protection

@: berserking (expiring), very quick
A: reduced essence
a: Renounce Religion, Recall Ancestor, Ancestor Identity, Transference, Idealise


You were on level 11 of the Dungeon.
You worshipped Hepliaklqana.
Hepliaklqana was extremely pleased with you.
You visited 2 branches of the dungeon, and saw 13 of its levels.
You also visited: Sewer.

You collected 647 gold pieces.
You spent 139 gold pieces at shops.

Inventory:

Hand Weapons
 A - a +1 trident
 K - a +0 glaive (weapon)
Missiles
 l - 41 poisoned darts
Armour
 f - a +0 troll leather armour (worn)
 p - a +0 cloak (worn)
 x - a +0 helmet (worn)
 D - a +0 pair of gloves (worn)
 J - the +3 leather armour of the Swamp {rC- rN++ Int+5}
   (You found it on level 9 of the Dungeon)

   Int:       It affects your intelligence (+5).
   rC:        It makes you vulnerable to cold.
   rN:        It greatly protects you from negative energy.
Jewellery
 a - a +6 ring of strength
 b - a ring of magical power
 d - an amulet of guardian spirit (around neck)
 i - the ring of Nabli (left hand) {rN+ Will+}
   (You took it off a gnoll on level 2 of the Dungeon)

   [ring of positive energy]

   rN:        It protects you from negative energy.
   Will:      It increases your willpower.
 s - an amulet of faith
 F - a ring of flight
 H - a +4 ring of protection (right hand)
 I - a ring of see invisible
Wands
 v - a wand of flame (4) (quivered)
 G - a wand of digging (4)
Scrolls
 c - a scroll of holy word
 j - 2 scrolls of immolation
 k - 2 scrolls of fog {unknown}
 n - a scroll of blinking {unknown}
 r - 3 scrolls of teleportation
 u - 2 scrolls of amnesia
 y - 3 scrolls of magic mapping
 C - a scroll of noise {unknown}
 L - a scroll of identify
Potions
 e - 5 potions of curing
 g - a potion of berserk rage
 h - 3 potions of flight
 m - 4 potions of brilliance
 o - 5 potions of mutation
 q - 3 potions of might
 t - a potion of cancellation
 w - a potion of heal wounds
 z - a potion of magic
 B - 2 potions of degeneration
 E - a potion of resistance


   Skills:
 + Level 11.0 Fighting
 + Level 11.0 Polearms
 + Level 11.0 Dodging
 - Level 2.0 Stealth


You had 10 spell levels left.
You didn't know any spells.
Your spell library contained the following spells:

 Spells                   Type           Power      Damage    Failure   Level
 Magic Dart               Conj           0%         1d3       43%         1
 Blink                    Tloc           0%         N/A       56%         2
 Call Imp                 Summ           0%         N/A       56%         2
 Gell's Gravitas          Tloc           0%         N/A       80%         3
 Lesser Beckoning         Tloc           0%         N/A       80%         3
 Mephitic Cloud           Conj/Pois/Air  0%         N/A       80%         3
 Teleport Other           Tloc           0%         N/A       80%         3
 Airstrike                Air            0%         N/A       99%         4
 Summon Lightning Spire   Summ/Air       0%         N/A       99%         4
 Lightning Bolt           Conj/Air       0%         1d11      100%        5
 Manifold Assault         Tloc           0%         N/A       100%        5


Dungeon Overview and Level Annotations

Branches:
Dungeon (12/15)            Temple (1/1) D:4            Lair (0/6) D:8
  Sewer (visited)
    Orc: D:9-12

Altars:
Ashenzari
Cheibriados
Dithmenos
Elyvilon
Fedhas
Gozag
Hepliaklqana
Kikubaaqudgha
Makhleb
Nemelex Xobeh
Okawaru
Qazlal
Ru
Sif Muna
Trog
Uskayaw
Vehumet
Wu Jian
Xom
Yredelemnul
Zin
The Shining One

Shops:
D:7 [

Annotations:
D:5 3 runed translucent doors, KamiKatze's ghost, novice OpCj


Message History

The boulder beetle stops rolling and uncurls.
There is a stone staircase leading down, spattered with blood here.
You feel much better. The boulder beetle bites you!
A red film seems to cover your vision as you go berserk!
You feel yourself moving faster!
You feel mighty! The boulder beetle bites you!
* * * LOW HITPOINT WARNING * * *
You slash the boulder beetle!
The boulder beetle is severely wounded.
You hit the boulder beetle but do no damage.
The boulder beetle is severely wounded.
The boulder beetle misses you.
You hit the boulder beetle but do no damage.
The boulder beetle is severely wounded.
The boulder beetle leaps!
You feel a strong urge to attack something.
You hit the boulder beetle but do no damage.
The boulder beetle is severely wounded.
The boulder beetle closely misses you.
You hit the boulder beetle.
The boulder beetle is severely wounded.
The boulder beetle bites you!!
* * * LOW HITPOINT WARNING * * *
You completely miss the boulder beetle.
The boulder beetle is severely wounded.
You barely miss the boulder beetle.
The boulder beetle is severely wounded.
The boulder beetle bites you!
* * * LOW HITPOINT WARNING * * *
You hit the boulder beetle.
The boulder beetle is severely wounded.
The boulder beetle misses you.
You hit the boulder beetle.
The boulder beetle is severely wounded.
The boulder beetle bites you but does no damage.
You hit the boulder beetle.
The boulder beetle is severely wounded.
You hit the boulder beetle but do no damage.
The boulder beetle is severely wounded.
The boulder beetle bites you!!
You die...

##### #...######## #.#........#
#.#......#.# #.##.###.#.#
#####..........########
#...#..#.###.#<........
#...#.B#.#^R.##########
########...#.@#.#.### #
####..........#..#.#.# #
.............[..>..#.# #
...........#####.###.############
####.......# #.# #.............
...........# #.# ##############
...........# #.# ........####
##'###### #######..# #.......#


You could see a boulder beetle.

Vanquished Creatures
  A boulder beetle (D:12)
  2 two-headed ogres (D:10)
  A cyclops (D:7)
  A kobold demonologist (D:11)
  A komodo dragon (D:11)
  A hornet (D:9)
  A vampire (D:10)
  Grum (D:8)
  A yak (D:8)
  An acid dragon (D:10)
  A sky beast (D:6)
  An ice beast (D:6)
  2 orc warriors
  A wolf (D:8)
  3 centaurs
  A kobold brigand (Sewer)
  Blork the orc (D:4)
  2 gnoll sergeants
  2 bullfrogs
  A scorpion (D:5)
  2 killer bees (D:11)
  2 howler monkeys
  4 wights
  2 centaur zombies
  An iguana (D:7)
  A scorpion zombie (D:5)
  5 gnolls
  A howler monkey zombie (D:7)
  3 adders
  2 worms
  3 dart slugs
  13 orcs
  4 endoplasms
  6 giant cockroaches
  10 hobgoblins
  5 jackals (D:1)
  13 kobolds
  A quokka (D:1)
  9 ball pythons
  9 bats
  6 frilled lizards
  8 goblins
  10 rats
146 creatures vanquished.

Vanquished Creatures (collateral kills)
  A two-headed ogre (D:10)
  An unseen horror (D:12)
  3 trolls
  Prince Ribbit (D:8)
  A wyvern (D:8)
  A steam dragon (D:8)
  A water moccasin (D:9)
  3 orc warriors
  A hornet zombie (D:5)
  3 black bears
  2 ice beasts (D:6)
  5 ogres
  A necrophage (D:6)
  3 wolves (D:8)
  5 centaurs
  3 bullfrogs
  2 kobold brigands
  A killer bee (D:11)
  5 wights
  3 howler monkeys
  2 centaur zombies (D:9)
  A hound (D:5)
  3 jellies
  A gnoll shaman (D:7)
  3 iguanas
  7 orc wizards
  A howler monkey zombie (D:6)
  9 gnolls
  An adder (D:5)
  3 shadow imps
  8 orcs
  An endoplasm (Sewer)
  11 kobolds
  A bat (Sewer)
  A frilled lizard (Sewer)
99 creatures vanquished.

Vanquished Creatures (others)
  6 knights
  3 plants
9 creatures vanquished.

Grand Total: 254 creatures vanquished

Notes
Turn   | Place    | Note
-------+----------+-------------------------------------------
     0 | D:1      | Gabide the Human Monk began the quest for the Orb.
     0 | D:1      | Reached XP level 1. HP: 18/18 MP: 1/1
    73 | D:1      | Reached XP level 2. HP: 15/24 MP: 2/2
   414 | D:1      | Reached XP level 3. HP: 29/29 MP: 3/3
   917 | D:1      | Found a faded altar of an unknown god.
  1334 | D:2      | Reached XP level 4. HP: 17/36 MP: 4/4
  1891 | D:2      | Identified the ring of Nabli {rN+ Will+}
  2201 | D:2      | Reached XP level 5. HP: 28/42 MP: 5/5
  3439 | D:3      | Found a radiant altar of Vehumet.
  3585 | D:4      | Found a staircase to the Ecumenical Temple.
  3594 | Temple   | Entered the Ecumenical Temple
  3646 | Temple   | Became a worshipper of Hepliaklqana the Forgotten
  3646 | Temple   | Reached * piety under Hepliaklqana
  3646 | Temple   | Reached ** piety under Hepliaklqana
  3647 | Temple   | Remembered your ancestor Djefatnebti as a knight
  3967 | D:4      | Noticed Blork the orc
  3980 | D:4      | Killed Blork the orc
  3981 | D:4      | Reached XP level 6. HP: 44/44 MP: 3/6
  4083 | D:4      | Found a sparkling altar of Nemelex Xobeh.
  4194 | D:4      | Noticed an ogre
  4204 | D:4      | Killed an ogre
  4650 | D:5      | Entered Level 5 of the Dungeon
  4650 | D:5      | Noticed an ogre
  4661 | D:4      | Killed an ogre
  4662 | D:4      | Reached skill level 5 in Polearms
  4662 | D:4      | Reached XP level 7. HP: 49/49 MP: 7/7
  4669 | D:5      | Reached skill level 5 in Dodging
  4694 | D:5      | Reached skill level 5 in Fighting
  4807 | D:5      | Found a glowing drain.
  4877 | Sewer    | Entered a sewer
  4974 | Sewer    | Reached XP level 8. HP: 54/56 MP: 8/8
  5830 | D:5      | Reached *** piety under Hepliaklqana
  5864 | D:5      | Found a runed translucent gate.
  5865 | D:5      | Found a runed translucent gate.
  5866 | D:5      | Found a runed translucent gate.
  5866 | D:5      | Noticed KamiKatze's ghost (novice OpCj)
  6066 | D:6      | Reached XP level 9. HP: 63/63 MP: 9/9
  6078 | D:6      | Found an ornate altar of the Wu Jian Council.
  6449 | D:7      | Found an iron altar of Okawaru.
  6465 | D:7      | Noticed a cyclops
  6477 | D:7      | Killed a cyclops
  6599 | D:7      | Found a blossoming altar of Fedhas.
  6653 | D:7      | Found a stormy altar of Qazlal.
  6743 | D:7      | Found Joruu's Antique Armour Shop.
  6871 | D:7      | Reached **** piety under Hepliaklqana
  6871 | D:7      | Found a bloodstained altar of Trog.
  7008 | D:7      | Noticed a troll
  7015 | D:7      | Killed a troll
  7325 | D:7      | Reached XP level 10. HP: 69/72 MP: 10/10
  7522 | D:7      | Bought a pair of gloves for 139 gold pieces
  7887 | D:8      | Noticed Grum
  7908 | D:8      | Killed Grum
  8053 | D:8      | Found a staircase to the Lair.
  8153 | D:8      | Noticed Prince Ribbit
  8173 | D:8      | Killed Prince Ribbit
  8214 | D:8      | Found a shimmering blue altar of Sif Muna.
  8215 | D:8      | Found a basalt altar of Yredelemnul.
  8314 | D:8      | Found a glowing golden altar of the Shining One.
  8435 | D:9      | Found a burning altar of Makhleb.
  8435 | D:9      | Noticed a blizzard demon
  8438 | D:9      | Noticed a smoke demon
  8665 | D:9      | Identified the +3 leather armour of the Swamp {rC- rN++
                  | Int+5}
  9229 | D:10     | Entered Level 10 of the Dungeon
  9239 | D:10     | Reached XP level 11. HP: 73/80 MP: 9/11
  9539 | D:10     | Reached ***** piety under Hepliaklqana
  9648 | D:10     | Found a large runed translucent door.
  9648 | D:10     | Found a large runed translucent door.
  9929 | D:10     | Noticed a two-headed ogre
  9941 | D:10     | Killed a two-headed ogre
  9942 | D:10     | Reached skill level 10 in Fighting
  9942 | D:10     | Reached skill level 10 in Polearms
  9942 | D:10     | Reached skill level 10 in Dodging
  9975 | D:10     | Noticed a two-headed ogre
 10001 | D:10     | Killed a two-headed ogre
 10405 | D:10     | Found an ancient bone altar of Kikubaaqudgha.
 10405 | D:10     | Noticed a two-headed ogre
 10412 | D:10     | Killed a two-headed ogre
 10449 | D:10     | Found a glowing silver altar of Zin.
 10778 | D:11     | Noticed a soul eater
 11390 | D:12     | Noticed a boulder beetle
 11416 | D:12     | Killed a boulder beetle
 11443 | D:12     | Noticed a skeletal warrior
 11444 | D:12     | Noticed a five-headed hydra
 11444 | D:12     | Noticed a boulder beetle
 11583 | D:11     | HP: 4/124 [boulder beetle (16)]
 11587 | D:11     | Mangled by a boulder beetle

Illustrated notes

Levels and vault maps discovered:
D:1:      lemuel_arrival_tunnels, layout_loops_ring,
          shapermc_ecumenical_altar_ellora, corner_web_ring,
          hangedman_glass_teeth
D:2:      layout_basic
D:3:      layout_rooms, nicolae_vehumet_altar_sigil
D:4:      layout_loops_ring, nemelex_xobeh_ov_fountains_minmay, temple_hall,
          chequers_arboretum, uniq_blork_the_orc
D:5:      layout_basic, gammafunk_ghost_nasty_kobolds, portal_sewer_entry_c
D:6:      layout_cave_pools, mainiacjoe_overflow_paths, minmay_crystal_room
D:7:      layout_layer_cave, trog_three_pillars_becter, grunt_qazlal_clouds,
          mainiacjoe_overflow_chevrons, kennysheep_mini_moat, serial_shops,
          nicolae_shop_waterfront
D:8:      layout_rooms, jmf_multi_god_temple, nicolae_tso_swordbearing_angel,
          david_lair_generic, uniq_prince_ribbit1, uniq_grum
D:9:      layout_gridville, makhleb_altar_promises_db, kennysheep_generic_room_2
D:10:     layout_stronghold, jmf_multi_god_temple2
D:11:     layout_basic
D:12:     minmay_the_grid_square_5x5_5x5_mashed
          [minmay_the_grid_square_5x5_trominoes, minmay_the_grid_square_5x5_c,
          minmay_the_grid_square_5x5_beaten_path,
          minmay_the_grid_square_5x5_six,
          minmay_the_grid_square_5x5_checkered_sparse,
          minmay_the_grid_square_5x5_fat_x,
          minmay_the_grid_square_5x5_prize_snowflake,
          minmay_the_grid_square_5x5_three_walls,
          minmay_the_grid_square_5x5_prize_pseudospiral,
          minmay_the_grid_square_5x5_n, minmay_the_grid_square_5x5_two_walls_a,
          minmay_the_grid_square_5x5_lines,
          minmay_the_grid_square_5x5_prize_deathbox,
          minmay_the_grid_square_5x5_checkered,
          minmay_the_grid_square_5x5_inset, minmay_the_grid_square_5x5_one_wall,
          minmay_the_grid_square_5x5_prize_waves,
          minmay_the_grid_square_5x5_half_checkered,
          minmay_the_grid_square_5x5_prize_rear_guard,
          minmay_the_grid_square_5x5_seven, minmay_the_grid_square_5x5_slash,
          minmay_the_grid_square_5x5_mess,
          minmay_the_grid_square_5x5_almost_minimal,
          minmay_the_grid_square_5x5_spiral_small,
          minmay_the_grid_square_5x5_shrine2], layout_stronghold, orc_0_dummy,
          serial_shops, nicolae_shop_advertising_works
          [nicolae_subvault_shop_adworks], led_xom_imps
Temple:   compressed_dpeg_triangle_lava_temple

Skill      XL: |  1  2  3  4  5  6  7  8  9 10 11 |
---------------+----------------------------------+-----
Polearms       | 4 5 6 8 9 11 | 11.0
Fighting       | 4 5 6 8 9 11 | 11.0
Dodging        | 4 5 6 8 9 11 | 11.0
Stealth        | |  2.0

Action                   |  1- 3 |  4- 6 |  7- 9 | 10-12 || total
-------------------------+-------+-------+-------+-------++-------
Melee: Spear             |   140 |   189 |   218 |   142 ||   689
       Punch             |     1 |     3 |     3 |     6 ||    13
       Trident           |       |       |       |    73 ||    73
       Glaive            |       |       |       |   150 ||   150
Throw: Throwing net      |       |     4 |     2 |       ||     6
       Dart              |       |    10 |    21 |    16 ||    47
Invok: Ancestor Life: Kn |       |     1 |       |       ||     1
       Ancestor Identity |       |     1 |       |       ||     1
       Recall Ancestor   |       |       |     1 |     2 ||     3
       Transference      |       |       |       |     1 ||     1
Evoke: Wand              |       |       |    16 |     6 ||    22
  Use: Scroll            |     1 |     4 |     6 |     4 ||    15
       Potion            |       |     2 |       |     4 ||     6
 Stab: Sleeping          |     8 |     8 |     8 |     2 ||    26
       Distracted        |       |       |     2 |     6 ||     8
       Held in net/web   |       |       |     2 |       ||     2
Armor: Robe              |    21 |    17 |    13 |       ||    51
       Troll leather arm |       |       |       |    68 ||    68
Dodge: Dodged            |    83 |    94 |    73 |   264 ||   514
